SL
ATLANTA SMOKE @ PHILADEPHIA 1776 BC
08/02/2018
 
TOP OF THE 1ST
Atlanta Smoke batting - Pitching for Philadephia 1776 BC : RHP Felipe Velázquez
Pitching: RHP Felipe Velázquez
Batting: LHB Egidio Agnolutto 0-0: Ball
1-0: Ball
2-0: Called Strike
2-1: Ball
3-1: Base on Balls
Batting: LHB Mike Blue 0-0: DOUBLE (Line Drive, 7LM)
Egidio Agnolutto to third
Batting: RHB Chris Smith 0-0: SINGLE (Line Drive, 7S)
Egidio Agnolutto scores
Mike Blue to third
Batting: RHB Nathan Horton 0-0: Called Strike
0-1: Fly out, F2 (Popup, 25F)
Batting: LHB Armando Esparza 0-0: Ball
1-0: Fly out, F1 (Line Drive, 15)
Batting: RHB Nate Cates 0-0: Foul Ball, location: 2F
0-1: Foul Ball, location: 2F
0-2: Ball
1-2: Ball
2-2: Ground out 6-3 (Groundball, 6)
Top of the 1st over - 1 run(s), 2 hit(s), 0 error(s), 2 left on base; Atlanta 1 - Philadephia 1776 0
BOTTOM OF THE 1ST
Philadephia 1776 BC batting - Pitching for Atlanta Smoke : LHP Ilie Paunescu
Pitching: LHP Ilie Paunescu
Batting: LHB Sébastien Rolland 0-0: Ball
1-0: Foul Ball, location: 2F
1-1: DOUBLE (Groundball, 5L)
Batting: RHB Iván Pérez 0-0: Swinging Strike
0-1: Called Strike
0-2: Ball
1-2: Ball
2-2: Ball
3-2: Base on Balls
Batting: LHB Chris Nelson 0-0: Ball
1-0: Called Strike
1-1: Ball
2-1: Swinging Strike
2-2: Strikes out swinging
Batting: RHB Carl Good 0-0: Ball
1-0: Called Strike
1-1: Fly out, F2 (Popup, 2LF)
Batting: RHB Yuji Ine 0-0: Foul Ball, location: 2F
0-1: Ball
1-1: Swinging Strike
1-2: Ball
2-2: Ground out 1-3 (Groundball, 25)
Bottom of the 1st over - 0 run(s), 1 hit(s), 0 error(s), 2 left on base; Atlanta 1 - Philadephia 1776 0
TOP OF THE 2ND
Atlanta Smoke batting - Pitching for Philadephia 1776 BC : RHP Felipe Velázquez
Batting: RHB Mal Bussard 0-0: Ball
1-0: Fly out, F3 (Popup, 3DF)
Batting: RHB Leandro Tuzzi 0-0: Foul Ball, location: 2F
0-1: Ball
1-1: Foul Ball, location: 2F
1-2: Ball
2-2: Foul Ball, location: 2F
2-2: Strikes out swinging
Batting: LHB Ilie Paunescu 0-0: Called Strike
0-1: Ball
1-1: Called Strike
1-2: Strikes out swinging
Top of the 2nd over - 0 run(s), 0 hit(s), 0 error(s), 0 left on base; Atlanta 1 - Philadephia 1776 0
BOTTOM OF THE 2ND
Philadephia 1776 BC batting - Pitching for Atlanta Smoke : LHP Ilie Paunescu
Batting: RHB Lúcio Montoya 0-0: Foul Ball, location: 2F
0-1: Foul Ball, location: 2F
0-2: Ground out 6-3 (Groundball, 6)
Batting: RHB Brian O'Brian 0-0: Ball
1-0: SINGLE (Line Drive, 7S)
Batting: RHB Soseki Matsunaga 0-0: Ball
1-0: Ground out 1-3 (Groundball, 13)
Brian O'Brian to second
Batting: RHB Felipe Velázquez 0-0: Ball
1-0: Called Strike
1-1: Called Strike
1-2: Strikes out swinging
Bottom of the 2nd over - 0 run(s), 1 hit(s), 0 error(s), 1 left on base; Atlanta 1 - Philadephia 1776 0
TOP OF THE 3RD
Atlanta Smoke batting - Pitching for Philadephia 1776 BC : RHP Felipe Velázquez
Batting: LHB Egidio Agnolutto 0-0: Ball
1-0: Bunted foul
1-1: Called Strike
1-2: Ball
2-2: Foul Ball, location: 2F
2-2: Ball
3-2: Foul Ball, location: 2F
3-2: SOLO HOME RUN (Flyball, 9D), Distance : 369 ft
Batting: LHB Mike Blue 0-0: Ball
1-0: Fly out, F4 (Popup, 4D)
Batting: RHB Chris Smith 0-0: Ball
1-0: Ball
2-0: SINGLE (Line Drive, 8RS)
Pitching: LHP Michael Campbell
Batting: RHB Nathan Horton 0-0: Called Strike
0-1: Grounds into double play, 4-6-3 (Groundball, 4)
Top of the 3rd over - 1 run(s), 2 hit(s), 0 error(s), 0 left on base; Atlanta 2 - Philadephia 1776 0
BOTTOM OF THE 3RD
Philadephia 1776 BC batting - Pitching for Atlanta Smoke : LHP Ilie Paunescu
Batting: LHB Sébastien Rolland 0-0: Ground out 4-3 (Groundball, 4)
Batting: RHB Iván Pérez 0-0: Fly out, F7 (Line Drive, 7S)
Batting: LHB Chris Nelson 0-0: Fly out, F7 (Flyball, 78D)
Bottom of the 3rd over - 0 run(s), 0 hit(s), 0 error(s), 0 left on base; Atlanta 2 - Philadephia 1776 0
TOP OF THE 4TH
Atlanta Smoke batting - Pitching for Philadephia 1776 BC : LHP Michael Campbell
Batting: LHB Armando Esparza 0-0: Foul Ball, location: 2F
0-1: Ball
1-1: Ball
2-1: Fly out, F9 (Flyball, 9LSF)
Batting: RHB Nate Cates 0-0: Foul Ball, location: 2F
0-1: Swinging Strike
0-2: Ball
1-2: Foul Ball, location: 2F
1-2: Foul Ball, location: 2F
1-2: Ball
2-2: Ground out 2-3 (Groundball, 25)
Batting: RHB Mal Bussard 0-0: Ground out 6-3 (Groundball, 6)
Top of the 4th over - 0 run(s), 0 hit(s), 0 error(s), 0 left on base; Atlanta 2 - Philadephia 1776 0
BOTTOM OF THE 4TH
Philadephia 1776 BC batting - Pitching for Atlanta Smoke : LHP Ilie Paunescu
Batting: RHB Carl Good 0-0: Called Strike
0-1: Ground out 6-3 (Groundball, 6)
Batting: RHB Yuji Ine 0-0: Called Strike
0-1: Ball
1-1: Swinging Strike
1-2: Foul Ball, location: 2F
1-2: Ground out 5-3 (Groundball, 56)
Batting: RHB Lúcio Montoya 0-0: Foul Ball, location: 2F
0-1: Ball
1-1: SINGLE (Groundball, 6MD)
Batting: RHB Brian O'Brian 0-0: Ball
1-0: SINGLE (Line Drive, 34)
Lúcio Montoya to second
Runner from 2nd tries for 3rd, SAFE, no throw or cutoff
Batting: RHB Soseki Matsunaga 0-0: Called Strike
0-1: Ball
1-1: Called Strike
1-2: Ball
2-2: SINGLE (Groundball, 6M)
Lúcio Montoya scores
Brian O'Brian to second
Pinch Hitting: LHB Matt Mitchell 0-0: Ball
1-0: Swinging Strike
1-1: Ground out 6-3 (Groundball, 6)
Bottom of the 4th over - 1 run(s), 3 hit(s), 0 error(s), 2 left on base; Atlanta 2 - Philadephia 1776 1
TOP OF THE 5TH
Atlanta Smoke batting - Pitching for Philadephia 1776 BC : LHP Michael Campbell
Pitching: LHP Jason Dudley
Batting: RHB Leandro Tuzzi 0-0: Called Strike
0-1: Ground out U3 (Groundball, 3)
Batting: LHB Ilie Paunescu 0-0: Ball
1-0: Swinging Strike
1-1: Foul Ball, location: 2F
1-2: Strikes out looking
Batting: LHB Egidio Agnolutto 0-0: Ball
1-0: SINGLE (Groundball, 4MD)
Batting: LHB Mike Blue 0-0: Called Strike
0-1: Swinging Strike
0-2: Ball
Egidio Agnolutto steals 2nd base
1-2: Ground out 6-3 (Groundball, 6)
Top of the 5th over - 0 run(s), 1 hit(s), 0 error(s), 1 left on base; Atlanta 2 - Philadephia 1776 1
BOTTOM OF THE 5TH
Philadephia 1776 BC batting - Pitching for Atlanta Smoke : LHP Ilie Paunescu
Batting: LHB Sébastien Rolland 0-0: SINGLE (Groundball, 4MD)
Batting: RHB Iván Pérez 0-0: Ball
1-0: Ball
2-0: Called Strike
2-1: Foul Ball, location: 2F
2-2: Grounds into double play, U6-3 (Groundball, 6M)
Batting: LHB Chris Nelson 0-0: Called Strike
0-1: Ball
1-1: Called Strike
1-2: Foul Ball, location: 2F
1-2: Ball
2-2: Strikes out swinging
Bottom of the 5th over - 0 run(s), 1 hit(s), 0 error(s), 0 left on base; Atlanta 2 - Philadephia 1776 1
TOP OF THE 6TH
Atlanta Smoke batting - Pitching for Philadephia 1776 BC : LHP Jason Dudley
Batting: RHB Chris Smith 0-0: Ball
1-0: SINGLE (Line Drive, 9LM)
Batting: RHB Nathan Horton 0-0: Ball
1-0: Foul Ball, location: 2F
1-1: Called Strike
1-2: Ball
2-2: Strikes out swinging
Batting: LHB Armando Esparza 0-0: Ball
1-0: Fielders Choice at 2nd, 4-6 (Groundball, 4)
Batting: RHB Nate Cates 0-0: Called Strike
0-1: Ball
1-1: Ball
2-1: Swinging Strike
2-2: Ball
3-2: Base on Balls
Armando Esparza to second
Batting: RHB Mal Bussard 0-0: Called Strike
0-1: Ground out U3 (Groundball, 3)
Top of the 6th over - 0 run(s), 1 hit(s), 0 error(s), 2 left on base; Atlanta 2 - Philadephia 1776 1
BOTTOM OF THE 6TH
Philadephia 1776 BC batting - Pitching for Atlanta Smoke : LHP Ilie Paunescu
Batting: RHB Carl Good 0-0: Foul Ball, location: 2F
0-1: Foul Ball, location: 2F
0-2: Foul Ball, location: 2F
0-2: Strikes out swinging
Batting: RHB Yuji Ine 0-0: Ball
1-0: Called Strike
1-1: Ball
2-1: SINGLE (Groundball, 56)
Batting: RHB Lúcio Montoya 0-0: Ball
Yuji Ine is caught stealing 2nd base
1-0: Foul Ball, location: 2F
1-1: Ball
2-1: Swinging Strike
2-2: Foul Ball, location: 2F
2-2: Fly out, F9 (Flyball, 9LM)
Bottom of the 6th over - 0 run(s), 1 hit(s), 0 error(s), 0 left on base; Atlanta 2 - Philadephia 1776 1
TOP OF THE 7TH
Atlanta Smoke batting - Pitching for Philadephia 1776 BC : LHP Jason Dudley
Pitching: RHP Ray Gordon
Now at SS: Manny Hernández
Batting: RHB Leandro Tuzzi 0-0: Fly out, F8 (Flyball, 8LXD)
Batting: LHB Ilie Paunescu 0-0: Ball
1-0: Called Strike
1-1: Called Strike
1-2: Strikes out swinging
Batting: LHB Egidio Agnolutto 0-0: Swinging Strike
0-1: Foul Ball, location: 2F
0-2: Foul Ball, location: 2F
0-2: Strikes out looking
Top of the 7th over - 0 run(s), 0 hit(s), 0 error(s), 0 left on base; Atlanta 2 - Philadephia 1776 1
BOTTOM OF THE 7TH
Philadephia 1776 BC batting - Pitching for Atlanta Smoke : LHP Ilie Paunescu
Batting: RHB Brian O'Brian 0-0: Ball
1-0: Called Strike
1-1: Ground out 4-3 (Groundball, 4)
Batting: RHB Soseki Matsunaga 0-0: Swinging Strike
0-1: Foul Ball, location: 2F
0-2: Strikes out swinging
Batting: RHB Manny Hernández 0-0: Ground out 2-3 (Groundball, 25)
Bottom of the 7th over - 0 run(s), 0 hit(s), 0 error(s), 0 left on base; Atlanta 2 - Philadephia 1776 1
TOP OF THE 8TH
Atlanta Smoke batting - Pitching for Philadephia 1776 BC : RHP Ray Gordon
Batting: LHB Mike Blue 0-0: Called Strike
0-1: Called Strike
0-2: SINGLE (Groundball, 4MD)
Batting: RHB Chris Smith 0-0: Ball
Wild Pitch!
Mike Blue to second
1-0: Foul Ball, location: 2F
1-1: Ball
2-1: Foul Ball, location: 2F
2-2: Ball
3-2: Base on Balls
Batting: RHB Nathan Horton 0-0: Ball
1-0: Ball
2-0: Ball
3-0: Base on Balls
Mike Blue to third
Chris Smith to second
Batting: LHB Armando Esparza 0-0: Called Strike
0-1: Ball
1-1: Ball
2-1: Swinging Strike
2-2: DOUBLE (Line Drive, 8RXD)
Mike Blue scores
Chris Smith scores
Nathan Horton to third
Runner from 3rd tries for Home, SAFE, no throw or cutoff
Batting: RHB Nate Cates 0-0: Ball
1-0: Foul Ball, location: 2F
1-1: Ball
2-1: Ball
3-1: Called Strike
3-2: Base on Balls
Batting: RHB Mal Bussard 0-0: Called Strike
0-1: Ball
1-1: Grounds into double play, 5-4-3 (Groundball, 56)
Armando Esparza to third
Batting: RHB Leandro Tuzzi 0-0: Ball
1-0: Ball
2-0: Called Strike
2-1: Foul Ball, location: 2F
2-2: Ball
3-2: Base on Balls
Pinch Hitting: LHB Rick Harrison 0-0: Called Strike
0-1: Ball
1-1: Ball
2-1: Ball
3-1: Base on Balls
Leandro Tuzzi to second
Batting: LHB Egidio Agnolutto 0-0: Fly out, F9 (Flyball, 9M)
Top of the 8th over - 3 run(s), 2 hit(s), 0 error(s), 3 left on base; Atlanta 5 - Philadephia 1776 1
BOTTOM OF THE 8TH
Philadephia 1776 BC batting - Pitching for Atlanta Smoke : LHP Ilie Paunescu
Pitching: RHP Lance Hodges
Batting: LHB Sébastien Rolland 0-0: Ground out 6-3 (Groundball, 6)
Batting: RHB Iván Pérez 0-0: Foul Ball, location: 2F
0-1: Called Strike
0-2: Ball
1-2: Ground out 6-3 (Groundball, 6)
Batting: LHB Chris Nelson 0-0: Foul Ball, location: 2F
0-1: Swinging Strike
0-2: Strikes out looking
Bottom of the 8th over - 0 run(s), 0 hit(s), 0 error(s), 0 left on base; Atlanta 5 - Philadephia 1776 1
TOP OF THE 9TH
Atlanta Smoke batting - Pitching for Philadephia 1776 BC : RHP Ray Gordon
Pitching: LHP Brian O'Cullinan
Batting: LHB Mike Blue 0-0: Ball
1-0: Foul Ball, location: 2F
1-1: Ball
2-1: Foul Ball, location: 2F
2-2: Ball
3-2: Base on Balls
Batting: RHB Chris Smith 0-0: Ball
1-0: Grounds into double play, 4-6-3 (Groundball, 34)
Batting: RHB Nathan Horton 0-0: Called Strike
0-1: SINGLE (Groundball, 34D)
Batting: LHB Armando Esparza 0-0: Ball
1-0: Swinging Strike
1-1: Ball
2-1: Ball
3-1: DOUBLE (Flyball, 89D)
Nathan Horton to third
Pitching: RHP Alberto Ortíz
Batting: RHB Nate Cates 0-0: Called Strike
0-1: Ball
1-1: Ground out 6-3 (Groundball, 6)
Top of the 9th over - 0 run(s), 2 hit(s), 0 error(s), 2 left on base; Atlanta 5 - Philadephia 1776 1
BOTTOM OF THE 9TH
Philadephia 1776 BC batting - Pitching for Atlanta Smoke : RHP Lance Hodges
Batting: RHB Carl Good 0-0: Ball
1-0: Ball
2-0: Swinging Strike
2-1: Ball
3-1: Fly out, F9 (Flyball, 89D)
Batting: RHB Yuji Ine 0-0: SOLO HOME RUN (Flyball, 7D), Distance : 396 ft
Pitching: RHP Mike Farrell
Now at SS: Stan Hughes
Pinch Hitting: LHB John Boone 0-0: Ball
1-0: SINGLE (Line Drive, 3L)
Batting: RHB Brian O'Brian 0-0: Ball
1-0: Ball
2-0: Foul Ball, location: 2F
2-1: Called Strike
2-2: Grounds into double play, 6-4-3 (Groundball, 6)
Bottom of the 9th over - 1 run(s), 2 hit(s), 0 error(s), 0 left on base; Atlanta 5 - Philadephia 1776 2
This league is powered by Out of the Park Baseball, the baseball management simulation game for PC, Mac and Linux
Monday, May 4th, 2015 - OOTP Baseball 15.6 Build 34